 Dungeon Crawl Stone Soup version 0.23.0 (webtiles) character file.

Game seed: 12291734180577091919

102 technought the Cudgeler (level 5, -4/33 HPs)
             Began as a Kobold Berserker on Feb 18, 2019.
             Was a Believer of Trog.
             Killed by nerve-wracking pain
             ... invoked by an orc priest
              (6 damage)
             ... on level 3 of the Dungeon.
             The game lasted 00:12:20 (2061 turns).

technought the Cudgeler (Kobold Berserker)          Turns: 2061, Time: 00:12:20

Health: -4/33      AC:  7    Str: 16    XL:     5   Next: 5%
Magic:  5/5        EV: 13    Int:  8    God:    Trog [**....]
Gold:   138        SH:  0    Dex: 14    Spells: 4/4 levels left

rFire    . . .     SeeInvis .   a - +0 mace
rCold    . . .     Gourm    .   (shield restricted)
rNeg     + . .     Faith    .   i - +0 scale mail
rPois    .         Spirit   .   (no helmet)
rElec    .         Reflect  .   (no cloak)
rCorr    .         Harm     +   (no gloves)
MR       .....                  n - +0 pair of boots
Stlth    +.........             l - amulet of harm
HPRegen  0.11/turn              h - ring of positive energy
MPRegen  0.09/turn              (no ring)

@: no status effects
A: small, carnivore, mutation resistance 1, sense surroundings 1
a: Berserk, Trog's Hand, Renounce Religion


You were on level 3 of the Dungeon.
You worshipped Trog.
Trog was pleased with you.
You were full.

You visited 1 branch of the dungeon, and saw 3 of its levels.

You collected 138 gold pieces.

Inventory:

Hand Weapons
 a - a +0 mace (weapon)
Missiles
 e - 80 stones (quivered)
Armour
 b - a +0 animal skin
 i - a +0 scale mail (worn)
 n - a +0 pair of boots (worn)
Jewellery
 h - a ring of positive energy (left hand)
 l - an amulet of harm (around neck)
Scrolls
 d - 2 scrolls of teleportation {unknown}
 f - 2 scrolls of remove curse {unknown}
 g - 2 scrolls of magic mapping {unknown}
 j - 2 scrolls of identify {unknown}
 m - a scroll of fear {unknown}
Potions
 k - 2 potions of curing
Comestibles
 c - 6 rations


   Skills:
 + Level 3.9 Fighting
 + Level 3.9 Maces & Flails
 + Level 1.8 Armour
 + Level 3.1 Dodging
 + Level 1.7 Stealth


You had 4 spell levels left.
You didn't know any spells.
Your spell library was empty.

Dungeon Overview and Level Annotations

Branches:
Dungeon (3/15)

Altars:
Ashenzari
Fedhas


Innate Abilities, Weirdness & Mutations

You are small and have problems with some larger weapons.
You are carnivorous and can eat meat at any time.
You are somewhat resistant to further mutation.
You passively map a small area around you.


Message History

Trog accepts your kill. The orc hits you but does no damage.
The quokka closely misses you. Something hits you but does no damage.
The orc priest looks encouraged for a moment.
You sock the orc priest!
The orc priest is almost dead.
The orc completely misses you. The quokka bites you.
A phantom comes into view.
The orc completely misses you.
The orc priest mumbles some strange prayers to Beogh against you.
Pain shoots through your body!
* * * LOW HITPOINT WARNING * * *
Something hits you.
* * * LOW HITPOINT WARNING * * *
The phantom moves out of view.
The quokka closely misses you. The orc barely misses you.
The orc closely misses you.
The orc priest calls down the wrath of Beogh upon you.
Pain shoots through your body!
You die...

* #### ###### **,
#######..,, .... , *
........#####.#####.#.
,
.............o........
, *
....)...####.{@.#....
#######......oor# . *
, #.........# , *
#...........# , * *
#.##........# , , #.
#.......## ** , #
#........ ,, #........
, * , , .#.....


You could see an orc priest, 2 orcs and a quokka.

Vanquished Creatures
  5 adders
  An ooze (D:2)
  3 worms (D:2)
  3 leopard geckos
  An orc (D:3)
  8 bats
  2 giant cockroaches
  3 goblins
  3 hobgoblins (D:1)
  2 jackals (D:2)
  2 frilled lizards
  6 kobolds
  2 rats (D:1)
41 creatures vanquished.

Notes
Turn   | Place    | Note
-------+----------+-------------------------------------------
     0 | D:1      | technought the Kobold Berserker began the quest for the
                  | Orb.
     0 | D:1      | Reached XP level 1. HP: 14/14 MP: 1/1
   211 | D:1      | Reached XP level 2. HP: 6/19 MP: 2/2
   620 | D:1      | Found a shattered altar of Ashenzari.
   891 | D:1      | Reached XP level 3. HP: 17/23 MP: 3/3
  1281 | D:2      | Reached ** piety under Trog
  1283 | D:2      | Reached XP level 4. HP: 24/29 MP: 4/4
  1288 | D:2      | Reached skill level 1 in Stealth
  1406 | D:2      | Found a blossoming altar of Fedhas.
  1864 | D:3      | Reached XP level 5. HP: 28/33 MP: 5/5
  1997 | D:3      | Gained mutation: You passively map a small area around you.
                  | [potion of mutation]
  1997 | D:3      | Gained mutation: You are somewhat resistant to further
                  | mutation. [potion of mutation]
  2060 | D:3      | Noticed a phantom
  2061 | D:3      | Killed from afar by an orc priest

Skill      XL: |  1  2  3  4 |
---------------+-------------+-----
Maces & Flails | 3 |  3.9
Stealth        | 1 |  1.7
Dodging        | 3 |  3.1
Fighting       | |  3.9
Armour         | |  1.8

Action                   |  1- 3 |  4- 6 || total
-------------------------+-------+-------++-------
Melee: Mace              |    72 |    72 ||   144
  Use: Potion            |     2 |     2 ||     4
  Eat: Ration            |     1 |       ||     1
       Chunk             |       |     7 ||     7
Armor: Animal skin       |     5 |       ||     5
       Scale mail        |    12 |    26 ||    38
Dodge: Dodged            |    77 |    62 ||   139
